 Dungeon Sprint DCSS version 0.30-a0-802-gb92711bcdf (webtiles) character file.

Game seed: 12024833126175694440

7600000 BigDaddyOpFi the Axe Maniac (level 27, -24/228 HPs)
             Began as a Djinni Warper on Feb 24, 2023.
             Was the Champion of Makhleb.
             Annihilated by a meat berserker
             ... wielding a +9 battleaxe
              (48 damage)
             ... in the Dungeon (Sprint VIII: "Arena of Blood").
             The game lasted 00:02:05 (76 turns).

BigDaddyOpFi the Axe Maniac (Djinni Warper)           Turns: 76, Time: 00:02:06

Health: -24/228    AC:  6    Str: 10    XL:     27
Gold:   0          EV: 37    Int: 16    God:    Makhleb [******] SH:  0 Dex: 26

rFire   + + .      SeeInvis .    h - +∞ Axe of Woe
rCold   x . .      Faith    .    (shield currently unavailable)
rNeg    . . .      Spirit   .    a - +0 leather armour
rPois   ∞          Reflect  .    (no helmet)
rElec   .          Harm     .    (no cloak)
rCorr   .          Rampage  .    (no gloves)
Will    ++...      NoTele   +    (boots unavailable)
Stlth   ++++++++++               (no amulet)
HPRegen 0.58/turn                (no ring)
MPRegen 0.00/turn                (no ring)

@: flying, slowed, very slow
A: sickness immunity, fire resistance 2, cold vulnerability 1, float, innate
caster, HP casting, extra vitality 1
a: Renounce Religion, Minor Destruction, Lesser Servant of Makhleb, Major
Destruction, Greater Servant of Makhleb


You were in the Dungeon.
You worshipped Makhleb.
Makhleb was exalted by your worship.
You visited 1 branch

Inventory:

Hand Weapons
 h - the +∞ Axe of Woe (weapon)
   (You found it in the Dungeon)
Missiles
 c - 7 boomerangs of dispersal (quivered)
Armour
 a - a +0 leather armour (worn)
Jewellery
 i - a +200 ring of slaying
 j - a +30 ring of slaying
 k - a +30 ring of slaying
 l - a +30 ring of slaying
 m - a +30 ring of slaying
Scrolls
 b - 2 scrolls of blinking
Potions
 d - a potion of curing
 e - a potion of heal wounds
 f - a potion of haste
 g - a potion of berserk rage


   Skills:
 O Level 27 Fighting
 O Level 27 Short Blades
 O Level 27 Long Blades
 O Level 27 Axes
 O Level 27 Maces & Flails
 O Level 27 Polearms
 O Level 27 Staves
 O Level 27 Ranged Weapons
 O Level 27 Throwing
 O Level 27 Armour
 O Level 27 Dodging
 O Level 27 Stealth
 O Level 27 Shields
 O Level 27 Unarmed Combat
 O Level 27 Spellcasting
 O Level 27 Invocations
 O Level 27 Evocations


You knew the following spells:

 Your Spells              Type           Power      Damage    Failure   Level
a - Blink                 Tloc           100%       N/A       0%          2
b - Lesser Beckoning      Tloc           100%       N/A       0%          2
c - Vhi's Electric Charg  Tloc/Air       100%       N/A       0%          3
d - Teleport Other        Tloc           82%        N/A       0%          3
e - Manifold Assault      Tloc           82%        N/A       0%          4
f - Necrotise             Necr           100%       1d9       0%          1
g - Static Discharge      Conj/Air       100%       2-7/arc   0%          2
h - Spider Form           Tmut/Pois      82%        N/A       0%          3
i - Ozocubu's Armour      Ice            82%        N/A       0%          3
j - Lightning Bolt        Conj/Air       41%        1d60      0%          5
k - Summon Forest         Summ/Tloc      41%        N/A       0%          5
l - Summon Cactus Giant   Summ           41%        N/A       0%          6
m - Ozocubu's Refrigerat  Ice            41%        4d16      1%          7
n - Summon Hydra          Summ           41%        N/A       1%          7
o - Orb of Destruction    Conj           41%        9d11      1%          7
p - Summon Horrible Thin  Summ           41%        N/A       1%          8
q - Ignition              Fire           41%        3d12      1%          8
r - Fire Storm            Conj/Fire      41%        8d10      2%          9
Your spell library was empty.

Dungeon Overview and Level Annotations

Branches:
Dungeon (1/1)

Altars:
Makhleb


Innate Abilities, Weirdness & Mutations

You are immune to sickness and miasma.
You are immune to poison.
Your flesh is very heat resistant. (rF++)
You are vulnerable to cold. (rC-)
You float through the air rather than walking.
You learn spells naturally, not from books.
Your magical power is your life essence.
You have superior vitality. (+4 MHP)


Message History

The meat berserker hits you with a +9 battleaxe!
* * * LOW HITPOINT WARNING * * *
The meat berserker rages.
You hear a shout!
The tyrant casts a spell.
You hear a shout! x2
A meat berserker comes into view. It is wielding a +9 battleaxe.
Unknown command.
You slice the bag of meat!!
You butcher the bag of meat messily.
You kill the bag of meat!
Makhleb accepts your kill.
You feel better.
You slice the bag of meat!!
You pulverise the bag of meat into a thin bloody mist.
You kill the bag of meat!
Makhleb accepts your kill.
You feel better.
You slice the meat berserker!!
You chop the meat berserker into pieces.
You kill the meat berserker!
Makhleb accepts your kill.
You feel better.
You hear a shout! x5
The dread throws damnation at you.
The sphere of damnation explodes!
The damnation engulfs you!!
The dread calls on the powers of darkness!
Your body is wracked with pain!
* * * LOW HITPOINT WARNING * * *
The bag of meat convulses!
The meat berserker convulses!
The bag of meat convulses! x3; The meat berserker convulses!
You hear a shout! x5; You hear a roar!
Unknown command.
A meat beast comes into view.
You hear a shout! x2
The dread calls on the powers of darkness!
The meat berserker convulses!
Your body is wracked with pain!
* * * LOW HITPOINT WARNING * * *
The bag of meat convulses! x2; The meat berserker convulses!
The bag of meat convulses! x2; The meat berserker convulses!
You hear a shout!
The meat berserker hits you with a +9 battleaxe!!!
You die...

......###)...§.)..#.#.
..###.....)2###§.......
....#...))).#☼X§).O....
....#......)#XX).L..L..
..............)........
..Ooo......)L)..#...#..
.........)O....#....# .
....o.).)°)X.##.L...#
.#WWO@Lo..#X.o...#X.
....§.§.....#..X###...
..##.#......X..... LX
..............X..
#....#.....####...
.............. ... .
.............
.......=......


You could see a tentacled monstrosity (summoned), a meat beast (fast), 2
tyrants, 4 large abominations, 2 dreads, 3 meat berserkers and 4 bags of meat.

Vanquished Creatures
  A hell beast (D)
  3 royal mummies (D)
  A wraith (D)
  Harold (D)
  9 vampire knights (D)
  24 ogres (D)
  5 two-headed ogres (D)
  2 liches (D)
  A hydra (D)
  59 orcs (D)
  6 skeletal warriors (D)
112 creatures vanquished.

Notes
Turn   | Place    | Note
-------+----------+-------------------------------------------
     0 | D        | Found the +∞ Axe of Woe
     0 | D        | BigDaddyOpFi the Djinni Warper began the quest for the Orb.
     0 | D        | BigDaddyOpFi set off with the following spells memorised:
                  | Blink, Lesser Beckoning, Vhi's Electric Charge, Teleport
                  | Other, Manifold Assault.
     0 | D        | Reached XP level 1. HP: 18/18 MP: 0/0
     2 | D        | Noticed a bag of meat
     3 | D        | Noticed a bag of meat
     4 | D        | Became a worshipper of Makhleb the Destroyer
     4 | D        | Noticed a bag of meat
     4 | D        | Noticed a meat berserker
     6 | D        | Killed a meat berserker
     7 | D        | Reached skill level 10 in Fighting
     7 | D        | Reached skill level 10 in Dodging
     7 | D        | Reached skill level 10 in Unarmed Combat
     7 | D        | Reached XP level 2. HP: 35/35 MP: 0/0
     7 | D        | Reached XP level 3. HP: 40/40 MP: 0/0
     7 | D        | Learned a level 1 spell: Necrotise
     7 | D        | Reached XP level 4. HP: 46/46 MP: 0/0
     7 | D        | Reached XP level 5. HP: 51/51 MP: 0/0
     7 | D        | Learned a level 2 spell: Static Discharge
     7 | D        | Reached XP level 6. HP: 58/58 MP: 0/0
     7 | D        | Reached XP level 7. HP: 63/63 MP: 0/0
     7 | D        | Learned a level 3 spell: Spider Form
     7 | D        | Reached XP level 8. HP: 68/68 MP: 0/0
     7 | D        | Reached XP level 9. HP: 74/74 MP: 0/0
     7 | D        | Learned a level 3 spell: Ozocubu's Armour
     7 | D        | Reached XP level 10. HP: 80/80 MP: 0/0
     7 | D        | Reached XP level 11. HP: 85/85 MP: 0/0
     7 | D        | Learned a level 5 spell: Lightning Bolt
     7 | D        | Reached XP level 12. HP: 91/91 MP: 0/0
     7 | D        | Noticed a bag of meat
     8 | D        | Killed a bag of meat
     8 | D        | Reached * piety under Makhleb
     8 | D        | Noticed a meat berserker
     9 | D        | Reached skill level 10 in Armour
     9 | D        | Reached skill level 10 in Invocations
     9 | D        | Reached XP level 13. HP: 98/98 MP: 0/0
     9 | D        | Learned a level 5 spell: Summon Forest
     9 | D        | Killed a bag of meat
     9 | D        | Noticed a bag of meat
    10 | D        | Reached skill level 10 in Stealth
    10 | D        | Killed a bag of meat
    10 | D        | Killed a bag of meat
    10 | D        | Reached ** piety under Makhleb
    10 | D        | Noticed a bag of meat
    10 | D        | Noticed a bag of meat
    11 | D        | Reached skill level 10 in Throwing
    11 | D        | Reached skill level 10 in Spellcasting
    11 | D        | Reached XP level 14. HP: 108/108 MP: 0/0
    11 | D        | Noticed a bag of meat
    12 | D        | Noticed a meat berserker
    12 | D        | Noticed a bag of meat
    13 | D        | Noticed a bag of meat
    14 | D        | Killed a meat berserker
    14 | D        | Killed a bag of meat
    15 | D        | Reached skill level 15 in Dodging
    15 | D        | Reached XP level 15. HP: 117/117 MP: 0/0
    15 | D        | Learned a level 6 spell: Summon Cactus Giant
    16 | D        | Reached *** piety under Makhleb
    17 | D        | Killed a meat berserker
    18 | D        | Reached skill level 15 in Fighting
    18 | D        | Reached skill level 15 in Armour
    18 | D        | Reached skill level 15 in Unarmed Combat
    18 | D        | Reached skill level 15 in Invocations
    18 | D        | Reached XP level 16. HP: 126/126 MP: 0/0
    18 | D        | Reached **** piety under Makhleb
    18 | D        | Noticed a meat berserker
    19 | D        | Killed a meat berserker
    20 | D        | Reached skill level 15 in Stealth
    20 | D        | Reached XP level 17. HP: 135/135 MP: 0/0
    20 | D        | Learned a level 7 spell: Ozocubu's Refrigeration
    21 | D        | Noticed a destroyer
    21 | D        | Killed a destroyer
    21 | D        | Reached ***** piety under Makhleb
    22 | D        | Reached skill level 15 in Throwing
    22 | D        | Noticed a meat berserker
    22 | D        | Noticed a destroyer
    23 | D        | Noticed a meat berserker
    25 | D        | Killed a meat berserker
    26 | D        | Reached XP level 18. HP: 146/146 MP: 0/0
    26 | D        | Killed a meat berserker
    26 | D        | Noticed a destroyer
    27 | D        | Reached skill level 15 in Spellcasting
    27 | D        | Noticed a meat berserker
    27 | D        | Killed a destroyer
    28 | D        | Reached XP level 19. HP: 154/154 MP: 0/0
    28 | D        | Learned a level 7 spell: Summon Hydra
    29 | D        | Noticed a meat berserker
    30 | D        | Noticed a sculptor of flesh
    30 | D        | Noticed a meat berserker
    31 | D        | Noticed a large bag of meat
    32 | D        | Reached ****** piety under Makhleb
    32 | D        | Noticed The Servant
    33 | D        | Killed a meat berserker
    34 | D        | Reached XP level 20. HP: 166/166 MP: 0/0
    34 | D        | Noticed a meat berserker
    35 | D        | Noticed a meat berserker
    35 | D        | Noticed a meat berserker
    35 | D        | Noticed a large bag of meat
    35 | D        | Noticed a destroyer
    35 | D        | Noticed an eight-headed meat hydra
    35 | D        | Noticed a large bag of meat
    35 | D        | Noticed a destroyer
    35 | D        | Killed a meat berserker
    36 | D        | Killed a large bag of meat
    36 | D        | Killed a destroyer
    36 | D        | Noticed a meat berserker
    37 | D        | Reached skill level 27 in Axes
    37 | D        | Reached XP level 21. HP: 149/178 MP: 0/0
    37 | D        | Learned a level 7 spell: Orb of Destruction
    37 | D        | Noticed a meat berserker
    37 | D        | Noticed a destroyer
    37 | D        | Killed a destroyer
    37 | D        | Noticed a meat berserker
    38 | D        | Killed a meat berserker
    38 | D        | Killed a meat berserker
    39 | D        | Reached skill level 27 in Dodging
    39 | D        | Reached XP level 22. HP: 115/189 MP: 0/0
    39 | D        | Killed a large bag of meat
    40 | D        | Killed The Servant
    41 | D        | Killed a meat berserker
    41 | D        | Killed a meat berserker
    42 | D        | Reached skill level 27 in Fighting
    42 | D        | Reached skill level 27 in Armour
    42 | D        | Reached skill level 27 in Unarmed Combat
    42 | D        | Reached skill level 27 in Invocations
    42 | D        | Reached XP level 23. HP: 201/201 MP: 0/0
    42 | D        | Learned a level 8 spell: Summon Horrible Things
    42 | D        | Noticed a large bag of meat
    43 | D        | Reached skill level 27 in Stealth
    44 | D        | Killed a large bag of meat
    45 | D        | Reached skill level 27 in Throwing
    45 | D        | Reached skill level 27 in Spellcasting
    46 | D        | Reached XP level 24. HP: 203/208 MP: 0/0
    49 | D        | Noticed a destroyer
    50 | D        | Killed a destroyer
    51 | D        | Reached XP level 25. HP: 214/214 MP: 0/0
    51 | D        | Learned a level 8 spell: Ignition
    51 | D        | Killed a large bag of meat
    52 | D        | Noticed an accursed
    52 | D        | Noticed a tyrant
    53 | D        | Reached skill level 27 in Maces & Flails
    53 | D        | Reached skill level 27 in Polearms
    53 | D        | Reached skill level 10 in Staves
    55 | D        | Noticed a destroyer
    56 | D        | Reached XP level 26. HP: 219/221 MP: 0/0
    56 | D        | Noticed an accursed
    57 | D        | Reached skill level 27 in Staves
    57 | D        | Reached skill level 5 in Short Blades
    57 | D        | Reached skill level 5 in Long Blades
    57 | D        | Reached skill level 5 in Ranged Weapons
    57 | D        | Killed a destroyer
    58 | D        | Reached skill level 10 in Shields
    58 | D        | Reached skill level 10 in Evocations
    58 | D        | Noticed a large bag of meat
    58 | D        | Noticed a destroyer
    59 | D        | Reached skill level 10 in Short Blades
    59 | D        | Reached skill level 10 in Long Blades
    60 | D        | Killed a destroyer
    60 | D        | Noticed a tyrant
    61 | D        | Reached skill level 15 in Shields
    61 | D        | Reached skill level 15 in Evocations
    61 | D        | Reached XP level 27. HP: 222/228 MP: 0/0
    61 | D        | Learned a level 9 spell: Fire Storm
    61 | D        | Killed an accursed
    61 | D        | Killed a destroyer
    62 | D        | Noticed a destroyer
    65 | D        | Killed an accursed
    66 | D        | Killed a tyrant
    66 | D        | Noticed a dread
    68 | D        | Killed a large bag of meat
    68 | D        | Noticed a tyrant
    69 | D        | Killed a destroyer
    69 | D        | Noticed a meat beast
    70 | D        | Reached skill level 27 in Shields
    70 | D        | Reached skill level 27 in Evocations
    70 | D        | Noticed an accursed
    71 | D        | Killed a meat beast
    71 | D        | Noticed a tyrant
    72 | D        | Reached skill level 27 in Short Blades
    72 | D        | Reached skill level 27 in Long Blades
    72 | D        | Reached skill level 27 in Ranged Weapons
    72 | D        | Noticed a dread
    72 | D        | Killed a dread
    72 | D        | Noticed a dread
    73 | D        | Killed an accursed
    74 | D        | Killed a tyrant
    76 | D        | Noticed a meat beast
    76 | D        | Annihilated by a meat berserker

Illustrated notes

Levels and vault maps discovered:
D:        meatsprint

Skill      XL: |  1  2  3  4  5  6  7  8  9 10 11 12 13 14 15 16 17 18 19 20 21 22 23 24 25 26 27 |
---------------+----------------------------------------------------------------------------------+-----
Fighting       | 10 12 14 15 16 18 19 21 23 25 27 | 27.0
Axes           | 11 12 14 16 17 19 21 22 24 27 | 27.0
Throwing       | 8 9 10 11 12 14 15 16 18 20 21 24 27 | 27.0
Armour         | 9 10 12 13 15 16 18 19 21 23 25 27 | 27.0
Dodging        | 10 11 13 15 16 18 19 21 23 25 27 | 27.0
Stealth        | 8 9 11 12 13 15 16 18 19 21 23 26 27 | 27.0
Unarmed Combat | 10 12 14 15 16 18 19 21 23 25 27 | 27.0
Spellcasting   | 7 8 10 11 12 13 14 15 17 19 20 22 27 | 27.0
Invocations    | 9 10 12 13 15 16 18 19 21 23 25 27 | 27.0
Maces & Flails | 11 22 27 | 27.0
Polearms       | 11 22 27 | 27.0
Staves         | 22 27 | 27.0
Short Blades   | 14 27 | 27.0
Long Blades    | 14 27 | 27.0
Ranged Weapons | 13 27 | 27.0
Shields        | 15 27 | 27.0
Evocations     | 15 27 | 27.0

Action                     |  1- 3 |  4- 6 |  7- 9 | 10-12 | 13-15 | 16-18 | 19-21 | 22-24 | 25-27 || total
---------------------------+-------+-------+-------+-------+-------+-------+-------+-------+-------++-------
  Melee: Executioner's axe |     1 |       |       |     1 |     5 |     7 |    11 |    11 |    25 ||    61
   Cast: Vhi's Electric Ch |       |       |       |       |       |     2 |     2 |     1 |     4 ||     9
  Dodge: Dodged            |       |       |       |       |     1 |       |     1 |     1 |       ||     3

Table legend: (Time is in decaauts)
 A = Elapsed time spent in this place.
 B = Non-inter-level travel time spent in this place.
 C = Inter-level travel time spent in this place.
 D = Time resting spent in this place.
 E = Time spent auto-exploring this place.
 F = Levels seen in this place.
 G = Mean time per level.
                   A        B        C        D        E       F      G
               +--------+--------+--------+--------+--------+-----+--------+
         Total |     69 |     69 |      0 |      0 |      0 |   1 |   69.0 |
       Dungeon |     69 |     69 |      0 |      0 |      0 |   1 |   69.0 |
               +--------+--------+--------+--------+--------+-----+--------+

Top non-repeatable levels by time:
       D: 69 daAuts
